[Event "*** SCC Grand Prix: Titled Tuesday Blitz"]
[Site "Chess.com"]
[Date "2020.07.07"]
[Round "4"]
[White "rasmussvane"]
[Black "Natalya_Buksa"]
[Result "1-0"]
[WhiteElo "2869"]
[BlackElo "2551"]
[TimeControl "180+1"]
[EndTime "10:41:11 PDT"]
[Termination "rasmussvane won by checkmate"]

1. Nf3 d5 2. g3 Nf6 3. Bg2 e6 4. O-O Be7 5. c4 O-O 6. b3 c5 7. cxd5 Nxd5 8. Bb2 Nc6 9. Nc3 b6 10. Nxd5 exd5 11. d4 Bb7 12. Rc1 Rc8 13. Qd2 Qd7 14.
Rfd1 Rfd8 15. e3 h6 16. Qe2 Bf8 17. dxc5 bxc5 18. Ne5 Nxe5 19. Bxe5 Qe6 20. Bb2 Ba8 21. Rd2 Rd7 22. Rcd1 Rcd8 23. Qh5 g6 24. Qh4 Bg7 25. Bxg7 Kxg7 26. Bh3 f5 27. Bg2 g5 28. Qa4 Qb6 29.
Qa3 Kf6 30. Qb2+ Kg6 31. Qc2 Bb7 32. g4 Qf6 33. gxf5+ Qxf5 34. Qxc5 Rf7 35. Qc2 Qxc2 36.
Rxc2 Kf6 37. Rd4 Rfd7 38. Kf1 Ke5 39. Ke1 Rf8 40. Rc5 Rd6 41. b4 Ba8 42. a4 Rb8 43. b5 Rbd8 44. Kd2 Ke6 45. Kd3 Ke5 46. f4+ gxf4 47. exf4+ Ke6 48. a5 h5 49. Bh3+ Kf6 50.
Rc7 Rg8 51. Rxa7 Rg1 52. Rxa8 Rh1 53. Kc3 Rxh2 54. Rd3 Rf2 55. b6 d4+ 56. Kb3 Rxf4 57. b7 Rf2 58. b8=Q Ke5 59. Qe8+ Kd5 60. Qb5+ Ke4 61. Re8+ Kf4 62. Qe5# 1-0

[Event "*** SCC Grand Prix: Titled Tuesday Blitz"]
[Site "Chess.com"]
[Date "2020.07.07"]
[Round "4"]
[White "Gabrielian_Artur"]
[Black "GianmarcoVaR"]
[Result "1-0"]
[WhiteElo "2761"]
[BlackElo "2529"]
[TimeControl "180+1"]
[EndTime "10:41:11 PDT"]
[Termination "Gabrielian_Artur won by checkmate"]

1. e4 c6 2. d4 d5 3. Nd2 dxe4 4. Nxe4 Bf5 5. Ng3 Bg6 6. c3 Nf6 7. Nh3 Nbd7 8. Nf4 e5 9. Nxg6 hxg6 10. dxe5 Nxe5 11.
Qxd8+ Rxd8 12. Be3 Ned7 13. Bc4 Bc5 14. Bxc5 Nxc5 15.
Ke2 O-O 16. Rhd1 Rfe8+ 17. Kf1 Na4 18. Be2 Nxb2 19. Rxd8 Rxd8 20. Rb1 Rd2 21. Ke1 Rc2 22. Nf1 Nd5 23. Ne3 Rxe2+ 24. Kxe2 Nxc3+ 25. Kd2 Nxb1+ 26.
Kc2 Na4 27. Kxb1 Kf8 28. Nc4 Ke7 29. Kc2 f6 30. h4 Nc5 31. f3 Ne6 32. Kc3 Nf4 33.
g4 b5 34. Na5 Kd6 35. Kd4 c5+ 36. Ke4 Ne6 37. f4 Nd4 38. Nb7+ Kc6 39. Nd8+ Kc7 40.
Nf7 Ne6 41. f5 gxf5+ 42. gxf5 Nd4 43. h5 a5 44. h6 gxh6 45. Nxh6 Kc6 46. Ng8 Ne2 47.
Nxf6 Nc3+ 48. Ke5 Nxa2 49. Ne4 Nb4 50. f6 Nd5 51. f7 Ne7 52. Kf6 Ng6 53. Kxg6 Kd5 54.
Nf6+ Kc4 55. f8=Q Kb4 56. Qd6 a4 57. Ne4 Kb3 58. Qxc5 b4 59. Qe3+ Ka2 60. Qd2+ Ka3 61. Nc5 b3 62. Qc1+ Kb4 63. Nd3+ Ka5 64. Qc5+ Ka6 65. Qb4 a3 66. Nc5+ Ka7 67. Qb7# 1-0

[Event "*** SCC Grand Prix: Titled Tuesday Blitz"]
[Site "Chess.com"]
[Date "2020.07.07"]
[Round "4"]
[White "AndrewMaco"]
[Black "chessablanca"]
[Result "1-0"]
[WhiteElo "2621"]
[BlackElo "2460"]
[TimeControl "180+1"]
[EndTime "10:41:13 PDT"]
[Termination "AndrewMaco won by checkmate"]

1. e4 e5 2. Nf3 Nc6 3. Bb5 a6 4. Ba4 Nf6 5. O-O Be7 6. Re1 b5 7. Bb3 O-O 8. a4 b4 9. d4 d6 10. dxe5 dxe5 11. Nbd2 a5 12. Qe2 Bg4 13. c3 Rb8 14. h3 Bh5 15. Bc4 Bc5 16. Nf1 Qe7 17.
Ng3 Bg6 18. Nh4 Qd7 19. Bg5 Ne8 20. Rad1 Nd6 21. Bd5 Ne7 22. Bxe7 Qxe7 23. Nxg6 hxg6 24. Qg4 Qf6 25. Rd2 Rfd8 26. h4 bxc3 27. bxc3 c6 28.
Ba2 Nc4 29. Rde2 Nb2 30. h5 Nd3 31. Rf1 Nf4 32. hxg6 Nxe2+ 33. Nxe2 Rd2 34. Bxf7+ Kf8 35. Qh5 Rbd8 36. g3 Rd1 37. Nd4 Rxf1+ 38. Kxf1 exd4 39. Qxc5+ Qe7 40. Qh5 Qf6 41. cxd4 Rxd4 42. Qc5+ Qd6 43. Qa7 Qd7 44. Qxa5 Rxe4 45. Qa8+ Ke7 46. a5 Kf6 47. Kg2 Qe7 48. a6 Rd4 49. Qxc6+ Rd6 50. Qc3+ Qe5 51. Qc4 Rd4 52. Qc6+ Qd6 53. Qb7 Qe7 54. Qf3+ Ke5 55. Qe3+ Re4 56. Qc3+ Rd4 57. a7 Qd6 58. a8=Q Kf6 59.
Qcf3+ Kg5 60. Qa5+ Kh6 61. Qah5# 1-0

[Event "*** SCC Grand Prix: Titled Tuesday Blitz"]
[Site "Chess.com"]
[Date "2020.07.07"]
[Round "4"]
[White "okriak"]
[Black "Tekushka"]
[Result "1/2-1/2"]
[WhiteElo "2712"]
[BlackElo "2365"]
[TimeControl "180+1"]
[EndTime "10:41:13 PDT"]
[Termination "Game drawn by repetition"]

1. Nf3 d5 2. e3 c5 3. c4 d4 4. b4 Nf6 5. exd4 cxd4 6. Bb2 e5 7. Nxe5 Bxb4 8. Qa4+ Nfd7 9. Nxd7 Qe7+ 10. Ne5+ Bd7 11. Qd1 Qxe5+ 12. Qe2 Qxe2+ 13. Bxe2 Nc6 14. O-O O-O 15. Na3 Bf5 16. Bf3 Rad8 17. Nb5 Bc5 18. Ba3 Bxa3 19. Nxa3 Rd7 20. Rfe1 h6 21. g4 Bg6 22. h3 Nb4 23. Be4 Nd3 24. Bxd3 Bxd3 25. Re5 Rc8 26. Rae1 f6 27. Re8+ Rxe8 28. Rxe8+ Kf7 29.
Rb8 b6 30. Kg2 Rc7 31. Kg3 Bxc4 32. Nxc4 Rxc4 33. Rb7+ Kg6 34. Rxa7 Rc2 35. h4 h5 36. gxh5+ Kh6 37. Rb7 Rxa2 38. Rxb6 Rxd2 39. Rb7 Rd1 40. Rd7 d3 41. Kf3 d2 42. Ke2 Rh1 43. Kxd2 Rxh4 44. Ke3 Rxh5 45. Kf3 Re5 46. Ra7 g5 47. Rb7 Kg6 48.
Rb8 Kf5 49. Ra8 Rb5 50. Rc8 Rb3+ 51. Kg2 Kg4 52. Rc4+ Kh5 53. Ra4 f5 54. Rc4 f4 55.
f3 Kh4 56. Rc5 Rb2+ 57. Kg1 Kg3 58. Rxg5+ Kxf3 59. Rf5 Rb1+ 60. Kh2 Ke3 61. Kg2 Rb2+ 62. Kg1 Rb1+ 63. Kg2 Rb2+ 64. Kg1 Kf3 65. Rf8 Kg3 66. Rg8+ Kf3 67. Rf8 Rb1+ 68. Kh2 Rb2+ 69. Kg1 1/2-1/2

[Event "*** SCC Grand Prix: Titled Tuesday Blitz"]
[Site "Chess.com"]
[Date "2020.07.07"]
[Round "4"]
[White "Firouzja2003"]
[Black "Dr-Bassem"]
[Result "0-1"]
[WhiteElo "3097"]
[BlackElo "2822"]
[TimeControl "180+1"]
[EndTime "10:41:14 PDT"]
[Termination "Dr-Bassem won on time"]

1. c4 Nf6 2. Nc3 g6 3. e4 d6 4. d4 Bg7 5. Nf3 O-O 6. Be2 e5 7. d5 a5 8. Bg5 h6 9. Bh4 Na6 10.
Nd2 Qe8 11. g4 Nd7 12. a3 Bf6 13. Bg3 Bg5 14. Qc2 Ndc5 15. f3 a4 16. O-O-O Nb3+ 17. Kb1 Nd4 18. Qc1 Nc5 19. h4 Be3 20. h5 g5 21. Rhe1 Ncb3 22. Nxb3 Bxc1 23. Nxc1 Bd7 24. Bf2 c5 25. dxc6 bxc6 26. Bxd4 exd4 27. Rxd4 Qe5 28. Red1 Rfb8 29. Kc2 Be6 30. Rxd6 Rb6 31. Rd8+ Rxd8 32. Rxd8+ Kg7 33. Nxa4 Rb8 34. Rxb8 Qxb8 35. Nc5 Bc8 36. b4 Qe5 37. a4 Qd4 38. a5 Qe3 39. Kd1 Qc3 40.
N1d3 Qxc4 41. Kd2 Qd4 42. a6 Qa1 43. Nc1 Qb2+ 44. Kd1 Qxb4 45. N1b3 Qa3 46. Kc2 Qa2+ 47. Kd1 Kf6 48. Bc4 Qa3 49. Kc2 Ke5 50. Nd3+ Kf6 51.
Ndc5 Ke5 52. Nd3+ Kd6 53. e5+ Kc7 54. Bxf7 Bxa6 55. Ndc5 Bb5 56. Kc3 Qa8 57. e6 Qh8+ 58. Nd4 Qe5 59. Ne4 c5 0-1

[Event "*** SCC Grand Prix: Titled Tuesday Blitz"]
[Site "Chess.com"]
[Date "2020.07.07"]
[Round "4"]
[White "Jbd735"]
[Black "Gareth-Bale11"]
[Result "1/2-1/2"]
[WhiteElo "2452"]
[BlackElo "2735"]
[TimeControl "180+1"]
[EndTime "10:41:14 PDT"]
[Termination "Game drawn - insufficient material"]

1. e4 c5 2. Nf3 Nc6 3. d4 cxd4 4. Nxd4 e5 5. Nb5 d6 6. N1c3 a6 7. Na3 b5 8. Nd5 Nf6 9. Bg5 Be7 10. Bxf6 Bxf6 11.
c3 Bg5 12. Nc2 Rb8 13. g3 a5 14. Bg2 O-O 15. O-O b4 16. Nce3 bxc3 17. bxc3 Ba6 18.
Re1 Ne7 19. Qa4 Nxd5 20. Nxd5 Bb5 21. Qa3 Bc4 22. Rad1 g6 23. h4 Bh6 24. Ne3 Bxe3 25.
Rxe3 Rb6 26. Qxa5 Rb1 27. Qa4 Rxd1+ 28. Qxd1 Bxa2 29. Rd3 Qc7 30. Qd2 Be6 31. Rxd6 Ra8 32. h5 Ra2 33. Rd8+ Kg7 34. h6+ Kf6 35. Qd1 Qxc3 36.
Qf3+ Qxf3 37. Bxf3 Kg5 38. Rb8 Ra5 39. Kg2 Kxh6 40.
Bd1 Kg5 41. Bb3 Bxb3 42. Rxb3 h6 43. Rb6 h5 44. Rb7 f6 45. Rb3 Ra4 46. f3 Ra2+ 47. Kh3 Rf2 48. Rc3 f5 49. exf5 gxf5 50. Rb3 e4 51.
fxe4 fxe4 52. Re3 Kf5 53. Re1 Ke5 54. Kh4 Rh2+ 55. Kg5 Rh3 56. Re3 Kd4 57. Kf4 Rh1 58. Rxe4+ Kd3 59. Re5 Kd4 60. Ra5 Kc4 61. Kg5 Kd4 62.
Kg6 Rh3 63. Rxh5 Rxg3+ 64. Rg5 Rxg5+ 65. Kxg5 1/2-1/2

[Event "*** SCC Grand Prix: Titled Tuesday Blitz"]
[Site "Chess.com"]
[Date "2020.07.07"]
[Round "4"]
[White "Beca95"]
[Black "Xeniya2005"]
[Result "1-0"]
[WhiteElo "2893"]
[BlackElo "2360"]
[TimeControl "180+1"]
[EndTime "10:41:15 PDT"]
[Termination "Beca95 won by resignation"]

1. c4 e5 2. Nc3 Bb4 3. e3 Bxc3 4. bxc3 Nc6 5. d4 exd4 6. cxd4 d5 7. Nf3 Nge7 8. Ba3 O-O 9. Rc1 Re8 10. Be2 Bf5 11. O-O h6 12. cxd5 Nxd5 13. Qb3 Nb6 14. Bb5 Be4 15. Be2 Qf6 16. Rc5 Rad8 17. Bb2 Bd5 18.
Qc2 Qd6 19. Ne5 f6 20. Nxc6 Bxc6 21. Bd3 Nd5 22. a3 Kh8 23. Rc1 Qe6 24. Bf5 Qd6 25. e4 Nf4 26. d5 Bxd5 27. exd5 Ne2+ 28. Kf1 Nxc1 29. Bxc1 Qxh2 30. Be3 Qh1+ 31. Ke2 Qxg2 32.
Be6 c6 33. Qf5 cxd5 34. Bxd5 Qh2 35. Be4 Rxe4 36. Qxe4 Qd6 37. Qc2 b6 38. Rc8 Qd5 39. Rxd8+ Qxd8 40. a4 Qd7 41. Qc4 Kh7 42. f3 Qd6 43.
Qe4+ Kh8 44. Qa8+ Kh7 45. Qxa7 Qh2+ 46. Bf2 Qe5+ 47. Kf1 Qa1+ 48. Kg2 Qa2 49. Qa8 Qa3 50. Qe4+ Kh8 51. Bxb6 Qb2+ 52. Bf2 Qb3 53. a5 Qa3 54. Qa8+ Kh7 55. a6 Qa5 56. Qe4+ Kh8 57. a7 Qg5+ 58.
Qg4 Qa5 59. Qc8+ Kh7 60. a8=Q 1-0

[Event "*** SCC Grand Prix: Titled Tuesday Blitz"]
[Site "Chess.com"]
[Date "2020.07.07"]
[Round "4"]
[White "Sofiia_Hryzlova"]
[Black "reniite"]
[Result "0-1"]
[WhiteElo "2127"]
[BlackElo "1911"]
[TimeControl "180+1"]
[EndTime "10:41:15 PDT"]
[Termination "reniite won on time"]

1. c4 Nf6 2. Nc3 e6 3. g3 d5 4.
Bg2 Be7 5. e3 O-O 6. b3 dxc4 7.
bxc4 c6 8. d4 Nbd7 9. Nge2 Nb6 10. Qb3 c5 11. O-O Bd7 12. Rd1 cxd4 13. exd4 Qc7 14.
c5 Nbd5 15. Nxd5 Nxd5 16. Bxd5 exd5 17. Qxd5 Bc6 18. Qh5 Rad8 19. Bf4 Qd7 20. Nc3 g6 21. Qh6 Rfe8 22. d5 Bf8 23. Qg5 Ba4 24. Rd4 Bc2 25.
Rd2 Qf5 26. Qxf5 Bxf5 27. d6 Bg7 28. Rc1 Bh3 29. Nd5 Re4 30. f3 Ra4 31. Ne7+ Kf8 32.
Kf2 Be6 33. Rcc2 Bf6 34. Nd5 Bg7 35. Nc3 Rc4 36. Ne4 Rxc2 37. Rxc2 h6 38. Ke3 f5 39. Nf2 g5 40. Nd3 gxf4+ 41. Nxf4 Kf7 42. h4 Be5 43. h5 Bd7 44. Rg2 Bc6 45. Ng6 Bc3 46.
Rf2 Bb4 47. Kd3 Bxc5 48. Rc2 Bxd6 49. Kc4 Be7 50. Rb2 b6 51. Kc3 Bd5 52. Re2 Bf6+ 53. Kb4 Bd4 54. Nf4 Bf6 55. Ka3 a5 56.
Rd2 Be7+ 57. Kb2 Bc6 58. Re2 Bf6+ 59. Kb3 Bxf3 0-1

[Event "*** SCC Grand Prix: Titled Tuesday Blitz"]
[Site "Chess.com"]
[Date "2020.07.07"]
[Round "4"]
[White "Sanan_Sjugirov"]
[Black "SCIM"]
[Result "1-0"]
[WhiteElo "2821"]
[BlackElo "2557"]
[TimeControl "180+1"]
[EndTime "10:41:16 PDT"]
[Termination "Sanan_Sjugirov won by resignation"]

1. e4 c5 2. Nf3 e6 3. d4 cxd4 4. Nxd4 Nc6 5. Nc3 Qc7 6. Be2 Nf6 7. O-O Be7 8. Be3 O-O 9. Ndb5 Qb8 10. f4 a6 11. Nd4 d6 12. Qe1 Nxd4 13. Bxd4 e5 14. Be3 Be6 15. Kh1 b5 16. a3 exf4 17. Bxf4 Nd7 18.
Qg3 Ne5 19. Rfd1 Qc7 20. Rd2 Rfd8 21. Rad1 Rac8 22. h3 Qc5 23. Be3 Qc7 24. Qf2 Nc4 25. Bxc4 Qxc4 26. Qg3 Bf6 27. Bd4 Bxd4 28. Rxd4 Qc5 29.
Rxd6 Rxd6 30. Qxd6 Qxd6 31. Rxd6 Ra8 32. e5 h6 33. Ne4 a5 34. Nc5 Bf5 35. c3 b4 36.
cxb4 axb4 37. axb4 Ra2 38. Rd2 g5 39. Kh2 Kg7 40.
Rf2 Bg6 41. e6 fxe6 42. Nxe6+ Kg8 43. b5 Ra5 44. Rf8+ Kh7 45. Rb8 Ra2 46. Nf8+ Kg7 47.
Ne6+ Kf6 48. Rb6 Be4 49. Nc5+ Kf5 50. Nxe4 Kxe4 51. Rxh6 Rxb2 52. b6 Kf4 53. Rf6+ Ke5 54. Rc6 Kf5 55. Kg3 Rb3+ 56. Kf2 Rb2+ 57. Ke3 Rxg2 58. Rc5+ Kg6 59. Rb5 Rg3+ 60. Ke4 Rxh3 61. b7 Rh4+ 62. Ke5 Rh8 63. b8=Q Rxb8 64. Rxb8 1-0

[Event "*** SCC Grand Prix: Titled Tuesday Blitz"]
[Site "Chess.com"]
[Date "2020.07.07"]
[Round "4"]
[White "seorobert1971"]
[Black "DivyaDeshmukh23"]
[Result "1-0"]
[WhiteElo "2698"]
[BlackElo "2512"]
[TimeControl "180+1"]
[EndTime "10:41:16 PDT"]
[Termination "seorobert1971 won by resignation"]

1. c4 e5 2. Nc3 Nf6 3. Nf3 Nc6 4.
g3 h6 5. Bg2 Bb4 6. O-O O-O 7.
d3 Re8 8. e4 Bxc3 9. bxc3 d6 10. h3 a5 11. Nh4 Nd7 12. Nf5 Nc5 13. g4 Bxf5 14. gxf5 a4 15. Be3 a3 16. Qe2 Na4 17. Rac1 Ra5 18. Kh1 b5 19. Rg1 Qh4 20. Kh2 bxc4 21.
dxc4 Rb8 22. Rc2 Rb2 23. Qd3 Ne7 24. Bc1 Nc5 25. Qe2 Rb8 26. Bf3 Kh7 27. Rg4 Qf6 28. Qf1 Rb1 29. Qg2 Nd3 30. Bd2 Ra4 31. Qg3 Rxc4 32. Be2 Nb2 33. Bxc4 Nxc4 34. Qd3 Nb2 35. Qe2 Ra1 36. Bc1 Rxa2 37. Bxb2 Rxb2 38. Rxb2 axb2 39. Qxb2 h5 40. Rg1 Qh4 41. Qe2 Qf4+ 42. Kh1 g6 43.
fxg6+ fxg6 44. c4 Nc6 45. Qe3 Qf6 46. Qg5 Qf3+ 47. Qg2 Qf7 48. Rc1 Nd4 49. Rc3 Ne2 50. Rc2 Nf4 51. Qf3 Qe6 52. Kh2 Qd7 53. c5 Qa4 54. Rc1 Qa2 55. cxd6 cxd6 56. Rc7+ Kh6 57. Qe3 Qb2 58. Rc1 Qa2 59. Rd1 Qa6 60. Rg1 h4 61.
Qf3 g5 62. Qg4 Qa2 63. Qxg5+ 1-0

[Event "*** SCC Grand Prix: Titled Tuesday Blitz"]
[Site "Chess.com"]
[Date "2020.07.07"]
[Round "4"]
[White "Nemsko"]
[Black "Savva09022009"]
[Result "0-1"]
[WhiteElo "2299"]
[BlackElo "2459"]
[TimeControl "180+1"]
[EndTime "10:41:17 PDT"]
[Termination "Savva09022009 won on time"]

1. e4 c5 2. Nf3 Nc6 3. d4 cxd4 4. Nxd4 Nf6 5. Nc3 d6 6. Bg5 e6 7. Qd2 h6 8. Bh4 Nxe4 9. Nxe4 Qxh4 10. Nxd6+ Bxd6 11. Nxc6 Qe4+ 12. Be2 Qxc6 13. O-O-O Be7 14. Bf3 Bg5 15.
Bxc6+ bxc6 16. f4 Be7 17. Qc3 O-O 18. Qxc6 Rb8 19. Qc7 Rb7 20. Qc6 Rb6 21. Qf3 Bf6 22. b3 Bb7 23. Qg3 Rc8 24. Rd2 Be4 25. c4 a5 26. Re1 Bf5 27. Qe3 Rbc6 28. h3 h5 29. g4 hxg4 30. hxg4 Bxg4 31. Rg1 Bf5 32. Qa7 a4 33. Qxa4 Bc3 34. Rh2 Rd6 35. Rgh1 g6 36. Qa7 Bg7 37. Qe7 Ra6 38. Qd7 Rca8 39. Rd1 Rxa2 40.
Rxa2 Rxa2 41. Qd8+ Bf8 42. c5 Rc2+ 43. Kb1 Rd2+ 44.
Ka1 Rxd8 45. Rxd8 Kg7 46. c6 Be7 47. c7 e5 48. Re8 exf4 49. Rxe7 g5 50. b4 f3 51. Re1 g4 52. b5 g3 53. b6 Bc8 54. Re8 f2 55. Rxc8 f1=Q+ 56. Kb2 Qe2+ 57. Kc3 Qe5+ 58. Kb4 Qd6+ 59. Ka5 Qc5+ 60. Ka6 Qc4+ 61. Kb7 Qe4+ 62. Kb8 Qa4 0-1

[Event "*** SCC Grand Prix: Titled Tuesday Blitz"]
[Site "Chess.com"]
[Date "2020.07.07"]
[Round "4"]
[White "vinniethepooh"]
[Black "Anton_Demchenko"]
[Result "0-1"]
[WhiteElo "2546"]
[BlackElo "2868"]
[TimeControl "180+1"]
[EndTime "10:41:19 PDT"]
[Termination "Anton_Demchenko won on time"]

1. d4 Nf6 2. c4 d6 3. Nc3 e5 4. Nf3 Nc6 5. dxe5 dxe5 6. Qxd8+ Kxd8 7. Bg5 Be6 8. O-O-O+ Kc8 9. e3 Nd7 10. Nd5 f6 11.
Bh4 a5 12. a3 Nc5 13. Nd2 a4 14. Be2 Na5 15. g4 Bd6 16. h3 Bf7 17. f3 Kb8 18. e4 Nab3+ 19. Nxb3 Nxb3+ 20. Kb1 Bc5 21. Rhf1 Nd4 22. Bd3 c6 23. Ne3 Ka7 24. Nf5 Ne6 25. Bf2 Bxf2 26. Rxf2 Bg6 27. Rfd2 Kb6 28. h4 Rhd8 29. Bc2 Rxd2 30. Rxd2 Bxf5 31. exf5 Nc5 32. g5 Kc7 33. Rg2 Rd8 34. h5 fxg5 35. Rxg5 Rd7 36.
h6 gxh6 37. Rg8 Rf7 38. Re8 Kd6 39. Rd8+ Ke7 40. Rd1 Kf6 41. Rh1 Kg5 42. Kc1 Rf6 43. Kd2 Kf4 44. Rh3 h5 45. Ke2 Kg5 46. Ke3 h4 47. Rh1 Kh5 48. Rg1 h3 49. Kf2 Kh4 50.
Rg4+ Kh5 51. Kg3 Rd6 52. Kxh3 Rd2 53. f6 Rd7 54. Bf5 Rf7 55. Rh4+ Kg5 56. Rxh7 Kxf6 0-1

[Event "*** SCC Grand Prix: Titled Tuesday Blitz"]
[Site "Chess.com"]
[Date "2020.07.07"]
[Round "4"]
[White "Undisputed92"]
[Black "amintabatabaei"]
[Result "0-1"]
[WhiteElo "2564"]
[BlackElo "2924"]
[TimeControl "180+1"]
[EndTime "10:41:20 PDT"]
[Termination "amintabatabaei won by resignation"]

1. e4 c5 2. Nf3 d6 3. Bc4 Nc6 4. O-O Nf6 5. Re1 Bg4 6. h3 Bxf3 7. Qxf3 g6 8. c3 Bg7 9. Qd1 Qb6 10. Bf1 O-O 11. Na3 Nd7 12. Nc4 Qc7 13. a4 a6 14.
a5 Rab8 15. d3 e6 16. Bf4 Nde5 17. Qa4 Nxc4 18. dxc4 Be5 19. Be3 Rfd8 20. Ra3 Bg7 21. b4 Qe7 22. Rb3 Rbc8 23. b5 Ne5 24. f4 Nd7 25. Reb1 Qe8 26. bxa6 bxa6 27. Rb7 Bxc3 28. Ra7 Bd4 29. Bxd4 cxd4 30. Rbb7 Nf6 31. Qxe8+ Nxe8 32. Rxf7 d5 33. exd5 exd5 34. cxd5 Rxd5 35. Rfe7 d3 36. Rad7 Nf6 37. Rg7+ Kh8 38. Rxh7+ Kg8 39. Rhg7+ Kh8 40. Rxd5 Nxd5 41. Rd7 Nxf4 42. Bxd3 Rc5 43. Bxa6 Rxa5 44. Bf1 Ra1 45. Rd2 Kg7 46. Rf2 Nd5 47. Kh2 Ne3 48. Bd3 Rd1 49. Be4 Nf1+ 50. Rxf1 Rxf1 51. Bf3 Kf6 52. Kg3 Ra1 53. h4 Ra4 54. Kh3 Kf5 55. Kg3 Ra3 56. Kh3 Kf4 57. Kh2 Ra1 58.
Bd5 Kg4 59. Be4 Ra6 60. g3 Ra2+ 61. Kg1 Kxg3 62. Kf1 Ra6 63. Bd3 Rf6+ 64. Kg1 Kxh4 65. Bf1 g5 66. Bg2 Kg3 0-1

[Event "*** SCC Grand Prix: Titled Tuesday Blitz"]
[Site "Chess.com"]
[Date "2020.07.07"]
[Round "4"]
[White "awesomevishesh"]
[Black "sertalzin"]
[Result "1-0"]
[WhiteElo "2375"]
[BlackElo "2022"]
[TimeControl "180+1"]
[EndTime "10:41:20 PDT"]
[Termination "awesomevishesh won on time"]

1. d4 d5 2. c4 c6 3. Nf3 Nf6 4. e3 e6 5. b3 Nbd7 6. Bb2 g6 7. Bd3 Bg7 8. O-O O-O 9. Nbd2 b6 10. Qe2 Bb7 11. Rfd1 Qc7 12. Rac1 Rac8 13. cxd5 exd5 14. b4 Qb8 15. Ne5 Nxe5 16. dxe5 Ne4 17. Bxe4 dxe4 18. Nxe4 Bxe5 19. Nf6+ Bxf6 20. Bxf6 c5 21. Qg4 cxb4 22. Qxb4 Rxc1 23. Rxc1 Rc8 24. Rd1 Qc7 25. Qg4 Qc6 26. Ba1 h5 27. Qg5 Qc2 28. Rf1 Qf5 29. Qh6 f6 30. h3 Qg5 31. Qxg5 fxg5 32. Rd1 Rc7 33.
Bf6 g4 34. hxg4 hxg4 35. Rd6 Kf7 36. Kh2 Rc6 37. Rd7+ Kxf6 38. Rxb7 Rc2 39. Rxa7 Rxf2 40. Kg3 Re2 41. Ra6 Rxe3+ 42. Kxg4 Re6 43. a4 Ke5 44.
Kg5 Kd4 45. g4 Kc4 46. a5 Re5+ 47. Kxg6 bxa5 48. g5 Kb4 49. Kf6 Re1 50. g6 Rg1 51. g7 a4 52. Kf7 a3 53. Rg6 Rxg6 54. Kxg6 a2 55. g8=Q a1=Q 56. Qb8+ Kc3 57. Qe5+ Kc2 58. Qxa1 1-0

[Event "*** SCC Grand Prix: Titled Tuesday Blitz"]
[Site "Chess.com"]
[Date "2020.07.07"]
[Round "4"]
[White "RaphCamora"]
[Black "jonychess03"]
[Result "0-1"]
[WhiteElo "2448"]
[BlackElo "2322"]
[TimeControl "180+1"]
[EndTime "10:41:21 PDT"]
[Termination "jonychess03 won by checkmate"]

1. e4 e6 2. d4 d5 3. Nd2 dxe4 4. Nxe4 Nd7 5. Nf3 Ngf6 6. Nxf6+ Nxf6 7. Bd3 c5 8. O-O cxd4 9. Nxd4 Be7 10. Bg5 O-O 11. c3 a6 12. Qe2 Qc7 13. Rad1 Bd7 14. Bh4 Bc6 15. Bg3 Qb6 16. Nxc6 Qxc6 17. Be5 Rad8 18. f4 Rfe8 19. h3 Nd5 20. Kh2 Bd6 21. Bb1 f5 22. g3 Qc7 23. Rfe1 Bxe5 24. Qxe5 Qxe5 25. Rxe5 Nxc3 26. Rxd8 Rxd8 27. bxc3 Rd2+ 28. Kg1 Rd1+ 29. Kf2 Rxb1 30. Rxe6 Rb2+ 31. Re2 Rb1 32. Rd2 b5 33. Ke3 Rg1 34. Kf3 Rc1 35. Rd8+ Kf7 36. Rc8 Rc2 37. Rc7+ Kf8 38. Rc8+ Ke7 39. Rc7+ Kd6 40. Rxg7 Rxc3+ 41. Kf2 Ra3 42. Rxh7 Rxa2+ 43. Ke3 Ra3+ 44. Kf2 b4 45. g4 fxg4 46. hxg4 b3 47. Rb7 Ra2+ 48. Ke3 a5 49. Rxb3 Ra1 50. Rd3+ Ke6 51. Ke4 a4 52. Rd4 a3 53. Kf3 a2 54. Re4+ Kf6 55. Ra4 Rf1+ 56. Kg2 a1=Q 57. Rxa1 Rxa1 58. Kg3 Rg1+ 59. Kf2 Rxg4 60.
Kf3 Kf5 61. Ke3 Rxf4 62. Ke2 Ke4 63. Kd2 Rf3 64. Kc2 Rd3 65. Kb2 Kd4 66. Kc2 Kc4 67. Kb2 Rc3 68. Ka2 Rb3 69. Ka1 Kc3 70. Ka2 Kc2 71. Ka1 Ra3# 0-1

[Event "*** SCC Grand Prix: Titled Tuesday Blitz"]
[Site "Chess.com"]
[Date "2020.07.07"]
[Round "4"]
[White "I_Hit_18K_on_BS"]
[Black "dosto07"]
[Result "0-1"]
[WhiteElo "2044"]
[BlackElo "2205"]
[TimeControl "180+1"]
[EndTime "10:41:21 PDT"]
[Termination "dosto07 won by checkmate"]

1. e4 e5 2. Nf3 Nc6 3. Bb5 a6 4. Ba4 Nge7 5. O-O g6 6. d4 exd4 7. Nxd4 Bg7 8. Be3 O-O 9. Qd2 d6 10. Nxc6 bxc6 11. Bd4 f6 12. Bb3+ Kh8 13. Nc3 Rb8 14.
Be3 c5 15. Bh6 Bb7 16. Nd5 Bxd5 17. Bxd5 Nxd5 18. exd5 Qd7 19. b3 Rbe8 20. Bxg7+ Kxg7 21. c4 Re5 22. Rfe1 Rfe8 23. Rxe5 Rxe5 24. Re1 Qe7 25. Re3 f5 26. g3 h5 27. h4 Kf7 28. Kg2 Re4 29.
Qe2 Qe5 30. Rxe4 fxe4 31. Qe3 Kg7 32. Qg5 Qf5 33. Qe7+ Kh6 34. Qd8 Qf3+ 35. Kg1 Qd1+ 36. Kh2 Qa1 37. Qf8+ Qg7 38. Qf4+ Kh7 39. Qxe4 Qf7 40.
Kg2 a5 41. g4 hxg4 42. Qxg4 Qe7 43. Kg3 Qe1 44. Qd7+ Kh6 45. Qd8 Qg1+ 46. Kf3 Qd1+ 47. Ke3 Qd4+ 48. Kf3 Qd3+ 49. Kg2 Qe4+ 50. Kf1 Qh1+ 51.
Ke2 Qe4+ 52. Kd2 Qf4+ 53. Kc2 Qxf2+ 54. Kb1 Qe1+ 55. Kb2 Qe5+ 56. Ka3 Kh5 57. Qxc7 Kxh4 58. Qxa5 g5 59. Qd2 g4 60. Qf2+ g3 61. Qf8 g2 62.
Qh6+ Kg3 63. Qg6+ Kf2 64. Qc2+ Kg1 65. b4 Qe3+ 66. Ka4 Kh1 67. b5 g1=Q 68. Qh7+ Qh2 69. Qg8 Qxa2# 0-1

[Event "*** SCC Grand Prix: Titled Tuesday Blitz"]
[Site "Chess.com"]
[Date "2020.07.07"]
[Round "4"]
[White "Micki-taryan"]
[Black "platy3"]
[Result "1-0"]
[WhiteElo "3053"]
[BlackElo "2795"]
[TimeControl "180+1"]
[EndTime "10:41:23 PDT"]
[Termination "Micki-taryan won by resignation"]

1. d4 Nf6 2. Nf3 d5 3. c4 e6 4. Nc3 Bb4 5. Bg5 h6 6. Bxf6 Qxf6 7. Qa4+ Nc6 8. e3 O-O 9. Be2 a6 10. Qb3 dxc4 11. Qxc4 Bd7 12. O-O Bxc3 13. Qxc3 Rfc8 14. Rac1 Ne7 15. Ne5 Be8 16. Bf3 Rab8 17. Rfd1 Ng6 18. Nc4 Nh4 19. Be4 Nf5 20. g3 Qd8 21. Bxf5 exf5 22. d5 Qe7 23. Qe5 Qxe5 24. Nxe5 Kf8 25. Rc3 Ke7 26. Rdc1 Kd6 27. Nc4+ Kd7 28. d6 Kd8 29.
Na5 c6 30. Nc4 b6 31. Ne5 Rb7 32. Rd1 f6 33. d7 Bxd7 34. Nf7+ Ke7 35. Nd6 Rbc7 36.
Nxc8+ Rxc8 37. Rb3 Rb8 38. Rc1 Kd6 39. Rd3+ Kc7 40. b4 Be6 41. a4 b5 42. a5 Bc4 43.
Rd4 Ra8 44. h4 c5 45. Rdxc4 bxc4 46. Rxc4 Rb8 47. Rxc5+ Kd6 48. Rc4 Kd5 49. Rd4+ Kc6 50. h5 Rb5 51. Kg2 f4 52. Rc4+ Kd6 53. Rxf4 Rxh5 54. Rg4 Rb5 55. Rxg7 Rxb4 56. Ra7 Ke5 57. Rxa6 Ra4 58. Ra8 Kf5 59. a6 Kg6 60. Kf3 Ra2 61. e4 Kg7 62. Ke3 h5 63. f4 Ra3+ 64. Kf2 Ra2+ 65. Kf3 Ra3+ 66. Kg2 Ra2+ 67. Kh3 Kh7 68. e5 fxe5 69. fxe5 Kg7 70. a7 Ra6 71. e6 1-0

[Event "*** SCC Grand Prix: Titled Tuesday Blitz"]
[Site "Chess.com"]
[Date "2020.07.07"]
[Round "4"]
[White "VerdeNotte"]
[Black "Vesper2018"]
[Result "0-1"]
[WhiteElo "2773"]
[BlackElo "2565"]
[TimeControl "180+1"]
[EndTime "10:41:24 PDT"]
[Termination "Vesper2018 won by resignation"]

1. e4 c5 2. Nc3 d6 3. d4 cxd4 4. Qxd4 Nc6 5. Qd2 g6 6. b3 Bg7 7.
Bb2 Nf6 8. O-O-O O-O 9. f4 a5 10. a4 Bg4 11. Nf3 Rc8 12. Kb1 Nb4 13. Bb5 Qb6 14. Rhe1 Rc5 15. e5 dxe5 16. Rxe5 Rfc8 17. Rxe7 Nfd5 18. Nxd5 Rxd5 19. Qe2 Rxd1+ 20. Qxd1 Bf5 21.
Bd3 Nxd3 22. cxd3 Bxb2 23. Kxb2 Qc5 24. Re2 Qc3+ 25. Ka2 Bxd3 26. Rd2 Bc2 27. Rd8+ Kg7 28.
Qd4+ Qxd4 29. Rxd4 Bf5 30. Rd2 Be6 31. Nd4 Bd5 32.
Kb2 Kf6 33. g4 Rd8 34. Nb5 Rd7 35. Nc3 Bc6 36. Ne4+ Ke7 37. Rxd7+ Bxd7 38. g5 Bc6 39. Nf6 h5 40. Kc3 Ke6 41. Kd4 Kf5 42. Ke3 Ke6 43. Nh7 b5 44. axb5 Bxb5 45. Nf6 Bc6 46. Kd4 Kf5 47. Ke3 Ke6 48. Ng8 Bd5 49. Kd4 Bxb3 50. Nh6 a4 51. Kc3 Bd5 52. Kb4 Bb3 53. Ka3 Bd1 54.
Kb4 Bb3 55. Ka3 Ke7 56. f5 Kd6 57. Kb4 Ke5 58. f6 Kf4 59. h4 Kg3 60. Nxf7 Bxf7 61. Kxa4 Kxh4 62. Kb4 Kxg5 63. Kc3 Kxf6 64. Kd2 g5 65. Ke1 h4 66. Kf2 g4 67. Kg1 Kg5 68.
Kh2 Kf4 69. Kg1 g3 70. Kg2 Bd5+ 71. Kh3 Kf3 0-1